 Dungeon Crawl Stone Soup version 0.31-a0-841-g038b102fc3 (webtiles) character file.

Game seed: 8172875339765248171

209 Bravepunisher the Ducker (level 5, -6/30 HPs)
             Began as a Spriggan Monk on Sept 27, 2023.
             Mangled by a killer bee (7 damage)
             ... on level 6 of the Dungeon.
             The game lasted 00:05:47 (1831 turns).

Bravepunisher the Ducker (Spriggan Monk)            Turns: 1831, Time: 00:05:48

Health: -6/30      AC:  2    Str:  7    XL:     5   Next: 55%
Magic:  6/6        EV: 21    Int: 11    God:
Gold:   51         SH:  0    Dex: 20    Spells: 4/4 levels left

rFire   . . .        d - +2 dagger (drain)
rCold   . . .        (no shield)
rNeg    . . .        b - +0 robe
rPois   .            (helmet restricted)
rElec   .            (no cloak)
rCorr   .            (gloves unavailable)
SInv    +            (boots unavailable)
Will    .....        (no amulet)
Stlth   ++           (no ring)
HPRegen 0.25/turn    (no ring)
MPRegen 0.10/turn

%: no passive effects
@: lethally poisoned (-6 -> -14), very quick
A: very small, no large weapons, unfitting armour, see invisible, speed 3
a: no special abilities


You were on level 6 of the Dungeon.
You visited 1 branch of the dungeon, and saw 7 of its levels.

You collected 51 gold pieces.

Inventory:

Hand Weapons
 d - a +2 dagger of draining (weapon)
Missiles
 f - 2 throwing nets
Armour
 b - a +0 robe (worn)
Jewellery
 i - an amulet of reflection
Scrolls
 a - a scroll of blinking {unknown}
 e - 3 scrolls of brand weapon {unknown}
 g - a scroll of teleportation {unknown}
 h - a scroll of amnesia {unknown}
Potions
 c - a potion of ambrosia
 j - a potion of mutation {unknown}


   Skills:
 * Level 4.5 Fighting
 - Level 3.2 Short Blades
 + Level 5.8 Dodging


You had 4 spell levels left.
You didn't know any spells.
Your spell library contained the following spells:

 Spells                   Type           Power      Damage    Failure   Level
 Lesser Beckoning         Tloc           0%         N/A       47%         2
 Gell's Gravitas          Tloc           0%         N/A       71%         3
 Hailstorm                Conj/Ice       0%         3d3       71%         3
 Teleport Other           Tloc           0%         N/A       71%         3
 Summon Ice Beast         Ice/Summ       0%         N/A       98%         4
 Simulacrum               Ice/Necr       0%         N/A       100%        6


Dungeon Overview and Level Annotations

Branches:
Dungeon (7/15)
 Temple: D:4-7

Altars:
Cheibriados
Gozag
Kikubaaqudgha


Innate Abilities, Weirdness & Mutations

You are very small and have problems with some larger weapons.
You are too small for most types of armour.
You have supernaturally acute eyesight. (SInv)
You cover ground extremely quickly. (Speed+++)


Message History

The adder bites you. The killer bee completely misses you.
The orc attacks as it pursues you! The orc misses you.
You open the door. The killer bee completely misses you.
The orc hits you but does no damage. The killer bee stings you.
The adder misses you.
The killer bee attacks as it pursues you!
The killer bee misses you.
There is an open door here.
The killer bee completely misses you.
You open the door.
A centaur, a sleepcap and a jelly come into view.
The killer bee completely misses you. The killer bee closely misses you.
Found 50 gold pieces.
Unknown command.
The centaur wields a +0 orcbow.
The centaur shoots an arrow.
The arrow hits you!
* * * LOW HITPOINT WARNING * * *
The killer bee attacks as it pursues you!
The killer bee completely misses you.
There is an open door here.
The killer bee completely misses you.
The centaur shoots an arrow.
The arrow closely misses you.
The jelly quivers.
The killer bee misses you.
The centaur shoots an arrow.
The arrow barely misses you.
As you open the door, it creaks loudly! 2 orcs come into view.
You hear a shout! x4
The killer bee closely misses you. The killer bee stings you.
* * * LOW HITPOINT WARNING * * *
You are lethally poisoned!
The killer bee poisons you!
The centaur shoots an arrow.
The arrow misses you.
An orc comes into view. It is wielding a +0 hand axe.
A shadow imp comes into view.
Found 69 gold pieces.
An orc priest and a gnoll bouda come into view.
* * * LOW HITPOINT WARNING * * *
You feel sick. The killer bee stings you!
You die...

#...# ##.# #. ######## #.# #.
#......# #.#####. #...$..#
#....... #.c....# ##.#####.
#..Jf$.# #..# #. #..$...# #..#
#. #....y.# #..# #. ####'#@#
##.# #. ###### #o#.o...... #.#
#. ##....###h#....$... #.# #.
######......##S#...o.$.o #.# #.
.l.##.l.Y$.h.'l#...$.$.g
#.#####.
##..'..$..l..#.#...5$.o.
#.#.....
##.'..$..$..#.#........
#.#.###.
###...$$...#+###.....###...###.
##......## ##........


You could see a sleepcap, a centaur, a gnoll bouda (wandering), a jelly, a
killer bee, an orc priest, a shadow imp and 3 orcs.

Vanquished Creatures
  A scorpion (D:5)
  3 hounds
  4 adders (D:5)
  4 orcs
  A bat (D:2)
  An endoplasm (D:2)
  4 hobgoblins
  A quokka (D:2)
  A ball python (D:4)
  A frilled lizard (D:2)
  2 goblins
  2 rats (D:2)
25 creatures vanquished.

Notes
Turn   | Place    | Note
-------+----------+-------------------------------------------
     0 | D:1      | Bravepunisher the Spriggan Monk began the quest for the
                  | Orb.
     0 | D:1      | Reached XP level 1. HP: 11/11 MP: 2/2
   138 | D:2      | Reached XP level 2. HP: 15/16 MP: 3/3
   236 | D:5      | Entered Level 5 of the Dungeon
   236 | D:5      | Found a snail-covered altar of Cheibriados.
   262 | D:4      | Reached XP level 3. HP: 17/20 MP: 4/4
   333 | D:4      | Noticed a bullfrog
   429 | D:4      | Noticed a scorpion
   440 | D:4      | Reached skill level 5 in Dodging
   440 | D:4      | Reached XP level 4. HP: 25/25 MP: 5/5
   528 | D:5      | Noticed an ogre
   556 | D:5      | Noticed a scorpion
   632 | D:5      | Noticed a scorpion
   669 | D:5      | Found an opulent altar of Gozag.
   669 | D:5      | Found an ancient bone altar of Kikubaaqudgha.
   689 | D:5      | Reached XP level 5. HP: 12/29 MP: 6/6
  1184 | D:7      | Noticed a centaur
  1208 | D:7      | Noticed a centaur
  1215 | D:7      | Noticed a centaur
  1216 | D:7      | Noticed a steam dragon
  1257 | D:7      | Noticed a sky beast
  1404 | D:7      | Noticed a sky beast
  1415 | D:6      | Noticed an ogre
  1768 | D:6      | Noticed a sky beast
  1825 | D:6      | Noticed a centaur
  1831 | D:6      | HP: 1/30 [poisoned by a killer bee]
  1831 | D:6      | Mangled by a killer bee

Illustrated notes

Levels and vault maps discovered:
D:1:      dpeg_arrival_boxes_within_box, layout_basic
D:2:      layout_basic, kennysheep_jessica_study
D:3:      layout_basic, cheibrodos_sewer_entry_sluice, serial_shops,
          nicolae_shop_real_fake_doors, uniq_crazy_yiuf_cottage, uniq_terence
D:4:      layout_loops_ring, xom_butterflies
D:5:      minmay_octagon_keep, layout_basic, minitemple,
          chequers_temple_overflow_minitemple, mainiacjoe_overflow_alcove_1,
          uniq_edmund
D:6:      minmay_polygon_palace, layout_basic
D:7:      layout_loops_ring, minmay_temple_entry_fiery, minmay_manual_mares

Skill      XL: |  1  2  3  4 |
---------------+-------------+-----
Fighting       | 3 4 |  4.5
Dodging        | 5 |  5.8
Short Blades   | |  3.2

Action                     |  1- 3 |  4- 6 || total
---------------------------+-------+-------++-------
  Melee: Dagger            |    27 |    54 ||    81
         Short sword       |     2 |       ||     2
         Punch             |       |     1 ||     1
    Use: Potion            |       |     1 ||     1
   Stab: Sleeping          |     2 |       ||     2
         Distracted        |     1 |       ||     1
 Armour: Robe              |     6 |    36 ||    42
  Dodge: Dodged            |    25 |   112 ||   137

Table legend: (Time is in decaauts)
 A = Elapsed time spent in this place.
 B = Non-inter-level travel time spent in this place.
 C = Inter-level travel time spent in this place.
 D = Time resting spent in this place.
 E = Time spent auto-exploring this place.
 F = Levels seen in this place.
 G = Mean time per level.
                   A        B        C        D        E       F      G
               +--------+--------+--------+--------+--------+-----+--------+
         Total |   1218 |   1168 |     50 |     64 |    460 |   7 |  174.0 |
       Dungeon |   1218 |   1168 |     50 |     64 |    460 |   7 |  174.0 |
               +--------+--------+--------+--------+--------+-----+--------+

Top non-repeatable levels by time:
     D:6: 485 daAuts
     D:5: 361 daAuts
     D:4: 152 daAuts
     D:7: 85 daAuts
     D:2: 81 daAuts
     D:1: 43 daAuts
     D:3: 8 daAuts
